 Dungeon Crawl Stone Soup version 0.23.2-1-ga50397a6bc (webtiles) character file.

Game seed: 10832811210173010871

736 krisispa the Skirmisher (level 7, -6/64 HPs)
             Began as a Minotaur Berserker on May 26, 2019.
             Was a Believer of Trog.
             Mangled by Prince Ribbit (11 damage)
             ... on level 5 of the Dungeon.
             The game lasted 00:17:37 (4141 turns).

krisispa the Skirmisher (Minotaur Berserker)        Turns: 4141, Time: 00:17:42

Health: -6/64      AC:  9    Str: 24    XL:     7   Next: 46%
Magic:  6/6        EV:  9    Int:  4    God:    Trog [**....]
Gold:   231        SH:  6    Dex:  9    Spells: 6/6 levels left

rFire    . . .     SeeInvis .   n - +1 flail (holy)
rCold    + . .     Gourm    .   b - +2 buckler
rNeg     . . .     Faith    .   h - +0 chain mail
rPois    .         Spirit   .   (helmet restricted)
rElec    .         Reflect  .   (no cloak)
rCorr    .         Harm     .   (no gloves)
MR       .....                  (no boots)
Stlth    ..........             (no amulet)
HPRegen  0.20/turn              d - ring of protection from cold
MPRegen  0.10/turn              (no ring)

@: berserk cooldown
A: retaliatory headbutt, horns 2
a: Berserk, Trog's Hand, Renounce Religion


You were on level 5 of the Dungeon.
You worshipped Trog.
Trog was pleased with you.
You were near starving.

You visited 2 branches of the dungeon, and saw 6 of its levels.

You collected 231 gold pieces.

Inventory:

Hand Weapons
 a - a +0 mace
 n - a +1 flail of holy wrath (weapon)
Armour
 b - a +2 buckler (worn)
 h - a +0 chain mail (worn)
 p - a +3 leather armour of poison resistance
 s - a +3 leather armour of fire resistance
Jewellery
 d - a ring of protection from cold (left hand)
Wands
 r - a wand of polymorph (4)
Scrolls
 e - a scroll of remove curse
 g - a scroll of blinking
 j - a scroll of magic mapping
 o - 4 scrolls of teleportation
 v - a scroll of identify
Potions
 i - 5 potions of curing
 k - 2 potions of flight
 l - a potion of agility {unknown}
 m - 2 potions of haste {unknown}
 q - a potion of magic {unknown}
 t - a potion of brilliance {unknown}
 u - a potion of mutation {unknown}
Comestibles
 c - 6 rations


   Skills:
 * Level 6.9 Fighting
 * Level 6.7 Maces & Flails
 + Level 4.5 Armour
 - Level 2.5 Dodging
 + Level 3.4 Shields


You had 6 spell levels left.
You didn't know any spells.
Your spell library was empty.

Dungeon Overview and Level Annotations

Branches:
Dungeon (5/15)             Temple (1/1) D:4

Altars:
Ashenzari
Dithmenos
Fedhas
Gozag
Kikubaaqudgha
Makhleb
Nemelex Xobeh
Okawaru
Qazlal
Ru
Sif Muna
Uskayaw
Vehumet
Wu Jian
Xom
Zin
The Shining One

Annotations:
D:5 Prince Ribbit


Innate Abilities, Weirdness & Mutations

You reflexively headbutt those who attack you in melee.
You have a pair of horns on your head.


Message History

Things that are here:
a +0 flail; a +0 chain mail You miss Prince Ribbit.
Prince Ribbit is heavily wounded.
Prince Ribbit blinks!
Prince Ribbit blinks!
There is a stone staircase leading up here.
You see here a hound corpse.
Prince Ribbit barely misses you.
You barely miss Prince Ribbit.
Prince Ribbit is heavily wounded.
Prince Ribbit hits you!
* * * LOW HITPOINT WARNING * * *
You closely miss Prince Ribbit.
Prince Ribbit is heavily wounded.
Prince Ribbit catches a mosquito with his tongue.
Prince Ribbit hits you.
* * * LOW HITPOINT WARNING * * *
Prince Ribbit hits you!
You die...

..# ##.##
##...##
##.....##
##..♣.♣..##
#.........#
#.♣..)F.♣.#.#
#...)<@.....#
##..))...##.#
##.....##
#######


You could see Prince Ribbit.

Vanquished Creatures
  Edmund (D:4)
  An ogre (D:4)
  Blork the orc (D:4)
  A scorpion (D:4)
  A howler monkey (D:4)
  A bullfrog skeleton (D:4)
  3 hounds
  Ijyb (D:4)
  3 orc wizards
  2 worker ants (D:4)
  Robin (D:4)
  4 adders
  An ooze (D:2)
  A worm (D:3)
  A dart slug (D:4)
  4 leopard geckos
  5 orcs
  4 giant cockroaches
  14 goblins
  5 hobgoblins
  7 jackals (D:1)
  2 kobolds
  A bat (D:1)
  A frilled lizard (D:1)
  4 rats
70 creatures vanquished.

Notes
Turn   | Place    | Note
-------+----------+-------------------------------------------
     0 | D:1      | krisispa the Minotaur Berserker began the quest for the
                  | Orb.
     0 | D:1      | Reached XP level 1. HP: 19/19 MP: 0/0
   178 | D:1      | Reached XP level 2. HP: 24/27 MP: 1/1
   829 | D:1      | Reached XP level 3. HP: 33/33 MP: 2/2
   850 | D:1      | Reached ** piety under Trog
  2961 | D:4      | Reached skill level 1 in Shields
  2961 | D:4      | Reached XP level 4. HP: 38/41 MP: 3/3
  3018 | D:4      | Noticed Edmund
  3034 | D:4      | Killed Edmund
  3034 | D:4      | Reached skill level 5 in Fighting
  3034 | D:4      | Reached skill level 5 in Maces & Flails
  3034 | D:4      | Reached XP level 5. HP: 48/48 MP: 4/4
  3035 | D:4      | Noticed Robin
  3041 | D:4      | Reached XP level 6. HP: 56/56 MP: 5/5
  3046 | D:4      | Killed Robin
  3272 | D:4      | Found a staircase to the Ecumenical Temple.
  3277 | Temple   | Entered the Ecumenical Temple
  3454 | D:4      | Found a stormy altar of Qazlal.
  3526 | D:4      | Noticed Ijyb
  3535 | D:4      | Killed Ijyb
  3553 | D:4      | Noticed Blork the orc
  3579 | D:4      | Killed Blork the orc
  3747 | D:4      | Reached XP level 7. HP: 41/64 MP: 6/6
  4108 | D:5      | Entered Level 5 of the Dungeon
  4129 | D:5      | Noticed Prince Ribbit
  4141 | D:5      | Mangled by Prince Ribbit

Skill      XL: |  1  2  3  4  5  6 |
---------------+-------------------+-----
Fighting       | 4 5 6 |  6.9
Maces & Flails | 4 5 6 |  6.7
Armour         | 3 4 |  4.5
Shields        | 1 2 3 |  3.4
Dodging        | |  2.5

Action                   |  1- 3 |  4- 6 |  7- 9 || total
-------------------------+-------+-------+-------++-------
Melee: Mace              |    90 |    32 |       ||   122
       Headbutt          |    11 |    13 |     5 ||    29
       Flail             |       |    34 |    36 ||    70
Invok: Berserk           |       |     2 |     2 ||     4
       Trog's Hand       |       |     1 |     2 ||     3
  Use: Scroll            |     8 |       |       ||     8
 Stab: Sleeping          |     1 |       |       ||     1
  Eat: Chunk             |     3 |     5 |     2 ||    10
       Ration            |     1 |       |       ||     1
Armor: Animal skin       |     7 |       |       ||     7
       Chain mail        |    15 |    37 |    25 ||    77
Dodge: Dodged            |    38 |    27 |    19 ||    84
Block: Buckler           |     7 |    24 |    12 ||    43
